 Dungeon Crawl Stone Soup version 0.29.1-2-gbd0b4ee654 (webtiles) character file.

Game seed: 18043680202378425947

20702 Avanven the Destroyer (level 12, 0/81 HPs)
             Began as a Black Draconian Conjurer on Nov 4, 2022.
             Was an Elder of Sif Muna.
             Succumbed to a black mamba's poison
             ... on level 4 of the Lair of Beasts.
             The game lasted 01:24:05 (17387 turns).

Avanven the Destroyer (Black Draconian Conjurer)   Turns: 17387, Time: 01:24:05

Health: 0/81       AC: 13    Str: 11    XL:     12   Next: 47%
Magic:  3/22       EV: 12    Int: 22    God:    Sif Muna [****..]
Gold:   1001       SH:  0    Dex: 10    Spells: 7/25 levels left

rFire   + . .      SeeInvis +   o - staff of fire
rCold   + . .      Faith    .   (no shield)
rNeg    . . .      Spirit   .   (body armour unavailable)
rPois   +          Reflect  .   (helmet restricted)
rElec   +          Harm     .   c - +1 cloak of Yveat {Fly rC+}
rCorr   .          Rampage  .   (no gloves)
Will    .....                   i - +2 pair of boots
Stlth   ++........              (no amulet)
HPRegen 0.23/turn               h - ring of see invisible
MPRegen 0.18/turn               y - ring of poison resistance

@: lethally poisoned (0 -> -15), flying
A: breathe lightning, AC +8, unfitting armour, electricity resistance,
cold-blooded
a: Breathe Lightning, Renounce Religion, Channel Magic, Forget Spell, Divine
Exegesis


You were on level 4 of the Lair of Beasts.
You worshipped Sif Muna.
Sif Muna was greatly pleased with you.
You visited 3 branches of the dungeon, and saw 13 of its levels.

You collected 1001 gold pieces.

Inventory:

Missiles
 f - 4 throwing nets
Armour
 c - the +1 cloak of Yveat (worn) {Fly rC+}
   (You acquired it on level 2 of the Dungeon)

   rC:        It protects you from cold.
   Fly:       It grants you flight.
 i - a +2 pair of boots (worn)
Magical Staves
 o - a staff of fire (weapon)
 u - a staff of conjuration
Jewellery
 h - a ring of see invisible (left hand)
 j - a ring of willpower
 r - a ring of resist corrosion
 y - a ring of poison resistance (right hand)
 B - a +4 ring of slaying
 D - a ring of ice
Wands
 a - a wand of light (5)
 k - a wand of iceblast (22)
 w - a wand of charming (6)
 C - a wand of flame (9)
Scrolls
 b - 3 scrolls of teleportation
 d - 5 scrolls of enchant armour
 e - 2 scrolls of magic mapping
 m - a scroll of enchant weapon
Potions
 l - 2 potions of brilliance
 n - a potion of flight
 p - a potion of haste
 q - a potion of berserk rage
 t - 2 potions of resistance
 z - a potion of mutation {unknown}
 A - a potion of cancellation


   Skills:
 - Level 1.7 Dodging
 - Level 1.7 Stealth
 - Level 7.0 Spellcasting
 - Level 12.6 Conjurations
 - Level 3.7 Translocations
 + Level 9.2 Fire Magic
 - Level 2.2 Air Magic
 - Level 10.0 Poison Magic
 + Level 7.2 Invocations


You had 7 spell levels left.
You knew the following spells:

 Your Spells              Type           Power      Damage    Failure   Level
a - Magic Dart            Conj           100%       1d8       1%          1
b - Foxfire               Conj/Fire      100%       2x1d9     1%          1
c - Searing Ray           Conj           100%       2d8       1%          2
d - Conjure Flame         Conj/Fire      70%        6-21      1%          3
e - Flame Wave            Conj/Fire      70%        2d16      1%          4
f - Teleport Other        Tloc           24%        N/A       5%          3
g - Olgreb's Toxic Radia  Pois           51%        N/A       1%          4

Your spell library contained the following spells:

 Spells                   Type           Power      Damage    Failure   Level
 Apportation              Tloc           48%        N/A       1%          1
 Sting                    Tmut/Pois      100%       1d8       1%          1
 Poisonous Vapours        Pois/Air       68%        N/A       1%          2
 Dazzling Flash           Conj/Hex       70%        N/A       1%          3
 Mephitic Cloud           Conj/Pois/Air  44%        N/A       1%          3
 Stone Arrow              Conj/Erth      70%        3d11      1%          3
 Iskenderun's Mystic Bla  Conj/Tloc      43%        2d10      2%          4
 Inner Flame              Hex/Fire       42%        N/A       3%          3
 Gell's Gravitas          Tloc           24%        N/A       5%          3
 Lesser Beckoning         Tloc           24%        N/A       5%          3
 Fulminant Prism          Conj/Hex       17%        3d11      6%          4
 Call Imp                 Summ           7%         N/A       12%         2
 Alistair's Intoxication  Tmut/Pois      19%        N/A       28%         5
 Animate Dead             Necr           7%         N/A       63%         4
 Haunt                    Necr/Summ      3%         N/A       100%        7
 Infestation              Necr           3%         N/A       100%        8
 Lehudib's Crystal Spear  Conj/Erth      17%        10d5      100%        8
 Animate Armour           Summ/Erth      Unusable   N/A       N/A         4

Dungeon Overview and Level Annotations

Branches:
Dungeon (8/15)             Temple (1/1) D:5            Lair (4/5) D:8
  Swamp (0/4) Lair:3       Spider (0/4) Lair:2
  Slime: Lair:4-5

Altars:
Cheibriados
Dithmenos
Elyvilon
Fedhas
Hepliaklqana
Kikubaaqudgha
Makhleb
Okawaru
Qazlal
Sif Muna
Trog
Uskayaw
Vehumet
Wu Jian
Xom
Zin
The Shining One

Shops:
D:4 (

Annotations:
Lair:2 exclusion: oklob plant
Lair:3 exclusion: oklob plant


Innate Abilities, Weirdness & Mutations

You can breathe wild blasts of lightning.
Your glossy black scales are hard. (AC +8)
You cannot fit into any form of body armour.
You are resistant to electric shocks. (rElec)
You are cold-blooded and may be slowed by cold attacks.


Message History

Found a stone staircase leading down.
A wolf comes into view.
The wyvern misses you.
A wolf comes into view.
A wolf comes into view.
Your surroundings suddenly seem different.
A black mamba comes into view.
The wolf moves out of view.
Found a stone staircase leading up.
The black mamba hisses angrily.
Casting: Flame Wave (mildly dangerous; 1% risk of failure)
Confirm with . or Enter, or press ? or * to list all spells.
Casting: Flame Wave (mildly dangerous; 1% risk of failure)
Press: ? - help, Dir - look around, f - activate You feel a surge of power!
A wave of flame ripples out! (Press . to intensify the flame waves.)
You hear a roar!
You hear a bellow! x2; You hear an angry hiss.
The black mamba bites you.
* * * LOW HITPOINT WARNING * * *
A wave of flame ripples out!
The flame wave engulfs the black mamba!!
The black mamba is severely wounded.
You hear an angry hiss.
The black mamba bites you.
* * * LOW HITPOINT WARNING * * *
You are lethally poisoned!
The black mamba poisons you! The black mamba bites you.
* * * LOW HITPOINT WARNING * * *
A wave of flame ripples out!
The flame wave engulfs the black mamba!
The black mamba is almost dead.
You finish channelling waves of flame.
* * * LOW HITPOINT WARNING * * *
You feel very sick.
The six-headed hydra roars!
You hear a croak.
You hear a howl!
You hear a bellow!
You hear an angry hiss.
You hear a howl! x3
You hear a croak. x2; You hear an angry hiss.
The black mamba bites you!
* * * LOW HITPOINT WARNING * * *
Unknown command.
You die...

.<.... ...D....)...
#.....# #.D##.........
#...... ##..##P........
##..... ...............
#.....# .....#.........
#.....#.....#.........
#....#.......+........
#...S@# ##.......... ..
#.....#####.#......... ..
.........................
..
...................l.....
..
....................[....
..
.........................
..
..#....................).
.. #
........####.#P......#. .
##........#######.).....


You could see a six-headed hydra and a black mamba.

Vanquished Creatures
  Fannar (Lair:3)
  3 hydras
  A two-headed ogre (D:7)
  Nergalle (Lair:3)
  2 bog bodies (Lair:3)
  4 cane toads
  A gargoyle (D:7)
  2 black mambas
  3 komodo dragons
  3 rime drakes
  2 polar bears (Lair:3)
  2 blink frogs (Lair:4)
  3 fire bats (Lair:3)
  4 basilisks
  4 wyverns (D:8)
  24 yaks
  3 swamp worms (Lair:3)
  15 water moccasins
  4 black bears
  2 sky beasts (D:7)
  3 ice beasts
  2 orc warriors
  An ogre (D:6)
  3 centaurs (D:7)
  2 wolves (D:8)
  3 phantoms
  19 bullfrogs
  A kobold brigand (D:8)
  A gnoll sergeant (D:7)
  3 necrophages
  3 scorpions
  4 wights
  An electric eel (Lair:3)
  2 howler monkeys (D:7)
  A hound (D:4)
  12 jellies
  2 orc priests
  3 gnoll boudas
  9 iguanas
  3 orc wizards
  17 gnolls
  6 adders
  3 shadow imps
  An ufetubus (D:3)
  4 dart slugs
  24 orcs
  5 ball pythons
  18 endoplasms
  2 giant cockroaches
  3 goblins
  7 hobgoblins
  7 jackals
  3 quokkas
  7 bats
  3 frilled lizards
  5 kobolds
  3 rats
280 creatures vanquished.

Vanquished Creatures (collateral kills)
  5 foxfires
5 creatures vanquished.

Vanquished Creatures (others)
  An orc wizard (D:3)
  A bush (Lair:1)
  399 foxfires
  40 fungi
  56 plants
497 creatures vanquished.

Grand Total: 782 creatures vanquished

Notes
Turn   | Place    | Note
-------+----------+-------------------------------------------
     0 | D:1      | Avanven the Draconian Conjurer began the quest for the Orb.
     0 | D:1      | Reached XP level 1. HP: 14/14 MP: 3/3
   516 | D:1      | Learned a level 1 spell: Foxfire
   730 | D:2      | Reached XP level 2. HP: 10/20 MP: 0/5
  1258 | D:2      | Reached XP level 3. HP: 26/26 MP: 0/6
  1296 | D:2      | Reached skill level 1 in Fire Magic
  1464 | D:2      | Learned a level 2 spell: Searing Ray
  1643 | D:2      | Identified a scroll of acquirement
  1643 | D:2      | Acquired the +1 cloak of Yveat {Fly rC+}
  1688 | D:3      | Reached skill level 5 in Conjurations
  1806 | D:3      | Reached XP level 4. HP: 32/33 MP: 1/7
  2825 | D:4      | Reached XP level 5. HP: 38/38 MP: 2/8
  2880 | D:4      | Noticed a phantom
  2893 | D:4      | Killed a phantom
  2894 | D:4      | Reached skill level 6 in Conjurations
  3110 | D:4      | Reached XP level 6. HP: 45/45 MP: 3/10
  3433 | D:4      | Reached skill level 7 in Conjurations
  3807 | D:4      | Found Nuekhlahu's Antique Weapon Shop.
  3860 | D:4      | Your scales start taking on a glossy black colour.
  3860 | D:4      | Reached XP level 7. HP: 50/50 MP: 2/11
  3860 | D:4      | Gained mutation: You are resistant to electric shocks.
                  | (rElec) [Black Draconian growth]
  3871 | D:4      | Learned a level 2 spell: Poisonous Vapours
  4242 | D:5      | Entered Level 5 of the Dungeon
  4296 | D:5      | Found a staircase to the Ecumenical Temple.
  4380 | D:5      | Reached skill level 1 in Air Magic
  4383 | Temple   | Entered the Ecumenical Temple
  4591 | Temple   | Became a worshipper of Sif Muna the Loreminder
  4620 | D:5      | Learned a level 4 spell: Flame Wave
  4658 | D:5      | Reached skill level 8 in Conjurations
  5138 | D:5      | Identified the +10 mace "Ynuhof" {freeze, rC+ Int+2}
  5338 | D:5      | Reached XP level 8. HP: 42/57 MP: 2/13
  5693 | D:6      | Identified the +8 sling "Taixt" {venom, rPois Str+2 Int+2
                  | Dex+4}
  5926 | D:6      | Found an iron altar of Okawaru.
  5926 | D:6      | You are sucked into a shaft and drop 2 floors!
  6065 | D:8      | Reached skill level 9 in Conjurations
  6366 | D:6      | Found a white marble altar of Elyvilon.
  6531 | D:6      | Reached * piety under Sif Muna
  6922 | D:6      | Found a blossoming altar of Fedhas.
  6922 | D:6      | Found a faded altar of an unknown god.
  6930 | D:6      | Found a shimmering altar of Xom.
  6932 | D:6      | Found a faded altar of an unknown god.
  6934 | D:6      | Found a snail-covered altar of Cheibriados.
  7094 | D:7      | Reached skill level 5 in Fire Magic
  7095 | D:7      | Reached skill level 10 in Conjurations
  7172 | D:7      | Reached XP level 9. HP: 56/62 MP: 9/16
  7637 | D:7      | Learned a level 3 spell: Conjure Flame
  7662 | D:7      | Reached skill level 5 in Spellcasting
  8234 | D:7      | Reached skill level 11 in Conjurations
  8308 | D:7      | Noticed a gargoyle
  8329 | D:7      | Killed a gargoyle
  8425 | D:7      | Noticed a two-headed ogre
  8440 | D:7      | Killed a two-headed ogre
  8441 | D:7      | Reached XP level 10. HP: 42/69 MP: 1/19
  8455 | D:7      | Reached ** piety under Sif Muna
  9180 | D:8      | Found a staircase to the Lair.
  9353 | D:8      | Reached skill level 12 in Conjurations
  9782 | D:8      | Found a radiant altar of Vehumet.
 10266 | D:8      | Learned a level 3 spell: Teleport Other
 10419 | D:8      | Reached skill level 1 in Translocations
 10540 | Lair:1   | Entered Level 1 of the Lair of Beasts
 10540 | Lair:1   | Noticed a death yak
 10540 | Lair:1   | Noticed a death yak
 10540 | Lair:1   | Noticed a death yak
 10543 | Lair:1   | Noticed a death yak
 10544 | Lair:1   | Noticed a death yak
 10803 | Lair:1   | Noticed a death yak
 11041 | D:8      | Reached *** piety under Sif Muna
 11080 | D:8      | Learned a level 4 spell: Olgreb's Toxic Radiance
 11209 | Lair:2   | Reached skill level 1 in Poison Magic
 11465 | Lair:2   | Reached XP level 11. HP: 56/74 MP: 13/21
 12060 | Lair:2   | Found a shimmering blue altar of Sif Muna.
 12105 | Lair:2   | Noticed a five-headed hydra
 12246 | Lair:2   | Found a hole to the Spider Nest.
 12356 | Lair:2   | Reached skill level 5 in Poison Magic
 12981 | Lair:2   | Noticed an oklob plant
 13134 | Lair:2   | Reached **** piety under Sif Muna
 13145 | Lair:2   | Killed a five-headed hydra
 13314 | Lair:3   | Reached skill level 1 in Invocations
 13618 | Lair:3   | Noticed Nergalle
 13629 | Lair:3   | Killed Nergalle
 13937 | Lair:3   | Noticed an oklob plant
 14173 | Lair:3   | Noticed Fannar
 14188 | Lair:3   | Killed Fannar
 14417 | Lair:3   | Noticed a six-headed hydra
 14424 | Lair:3   | Killed a six-headed hydra
 14845 | Lair:3   | Reached XP level 12. HP: 81/81 MP: 12/22
 14932 | Lair:3   | Reached skill level 5 in Invocations
 15920 | Lair:3   | Found a staircase to the Swamp.
 16360 | Lair:3   | Reached skill level 10 in Poison Magic
 17322 | Lair:4   | Noticed a five-headed hydra
 17337 | Lair:4   | Killed a five-headed hydra
 17347 | Lair:4   | Noticed a six-headed hydra
 17386 | Lair:4   | HP: 3/81 [black mamba (9)]
 17387 | Lair:4   | Succumbed to a black mamba's poison

Illustrated notes

Levels and vault maps discovered:
D:1:      minmay_arrival_four_loops, layout_rooms,
          chequers_serial_rivers_large_a
D:2:      kennysheep_big_flooded_room, layout_rooms, serial_glass,
          glass_columns_a, glass_columns_b, feat_on_display, item_on_display_a
D:3:      layout_basic, kennysheep_generic_room_14
D:4:      layout_basic, serial_shops, nicolae_shop_trees, grunt_decor_junction
D:5:      layout_basic, minmay_temple_entry_drinking_statues, hex_intersection
D:6:      layout_basic, mainiacjoe_overflow_24_doors, overflow_temple_1_default,
          chequers_temple_overflow_minitemple, dreamdust_princess_bridge
D:7:      nzn_winding_woodlands_three_and_one
          [nzn_winding_woodlands_5x15_longhouse,
          nzn_winding_woodlands_5x15_jagged,
          nzn_winding_woodlands_5x15_sidewinder,
          nzn_winding_woodlands_center_pierced_h], layout_rooms
D:8:      layout_basic, kennysheep_mini_moat, minmay_lair_entry_grove,
          corner_web_ring, kennysheep_another_room, minmay_misc_feat_alley
Temple:   jpeg_temple_clearing
Lair:1:   layout_regular_city, lemuel_oklob_altar
Lair:2:   lemuel_slime, layout_regular_city, spider_nest_entry_web_field,
          basic_altar, grunt_megastairs_1, serial_bayou_shore_a
Lair:3:   layout_roguey, nicolae_swamp_entry_splash_gauntlet,
          minmay_lair_oklob_bushes, amcnicky_mini_pool_medium,
          infiniplex_staircase_pool_2, uniq_fannar, uniq_nergalle
Lair:4:   minmay_lair_venomous_thicket, layout_regular_city,
          grunt_forest_stairs_basic

Skill      XL: |  1  2  3  4  5  6  7  8  9 10 11 12 |
---------------+-------------------------------------+-----
Fire Magic     | 1 2 3 5 6 7 8 9 |  9.2
Conjurations   | 5 6 7 8 10 11 12 | 12.6
Spellcasting   | 3 4 6 7 |  7.0
Air Magic      | 2 |  2.2
Translocations | 3 |  3.7
Poison Magic   | 3 9 10 | 10.0
Invocations    | 4 7 |  7.2
Dodging        | |  1.7
Stealth        | |  1.7

Action                   |  1- 3 |  4- 6 |  7- 9 | 10-12 || total
-------------------------+-------+-------+-------+-------++-------
Melee: Unarmed           |    13 |       |       |       ||    13
       Hand axe          |     2 |       |       |       ||     2
       Tailslap          |     1 |     1 |       |     1 ||     3
       Staff             |     4 |     2 |     6 |    15 ||    27
 Cast: Magic Dart        |    35 |    58 |    69 |    68 ||   230
       Foxfire           |    23 |    22 |    45 |   165 ||   255
       Searing Ray       |     1 |     6 |    16 |    15 ||    38
       Flame Wave        |       |       |    17 |    63 ||    80
       Poisonous Vapours |       |       |     1 |       ||     1
       Olgreb's Toxic Ra |       |       |       |    27 ||    27
       Conjure Flame     |       |       |       |     2 ||     2
       Teleport Other    |       |       |       |     5 ||     5
 Abil: Breathe Lightning |       |       |       |     3 ||     3
  Use: Scroll            |     9 |     1 |     7 |    17 ||    34
       Potion            |       |       |     1 |     5 ||     6
Armor: Skin              |    16 |    14 |    37 |   115 ||   182
Dodge: Dodged            |    33 |    11 |    68 |   140 ||   252
